 Dungeon Crawl Stone Soup version 0.31.0-32-g396128a36d (webtiles) character file.

Game seed: 10734281125735165843

920 monsoonserge the Ruffian (level 8, 0/60 HPs)
             Began as a Gnoll Shapeshifter on Mar 16, 2024.
             Was an Initiate of Gozag.
             Slain by Maggie
             ... wielding a +1 scimitar of distortion
              (6 damage)
             ... on level 6 of the Dungeon.
             The game lasted 00:11:42 (4575 turns).

monsoonserge the Ruffian (Gnoll Shapeshifter)       Turns: 4575, Time: 00:11:43

Health: 0/60       AC: 20    Str: 15    XL:     8   Next: 10%
Magic:  12/12      EV:  6    Int: 10    God:    Gozag
Gold:   735        SH:  0    Dex: 15    Spells: 13/13 levels left

rFire   + .          .
                       - Unarmed
rCold   x . .        (no shield)
rNeg    . . .        A - +9 plate armour "Rugrop" {Dex+3}
rPois   .            y - melded +0 helmet
rElec   .            s - melded +2 cloak
rCorr   .            (gloves currently unavailable)
SInv    .            (boots currently unavailable)
Will    .....        (no amulet) Stlth
                     u - ring of fire
HPRegen 0.30/turn    (no ring)
MPRegen 0.13/turn

%: no passive effects
@: mighty, beast-form, mesmerised
A: beast (slay +4), fangs 1, strong nose, distributed training
a: Begin Untransformation, Renounce Religion, Potion Petition, Call Merchant,
Bribe Branch


You were on level 6 of the Dungeon.
You worshipped Gozag.
Gozag was pleased with you.
You were a hulking beast.
You visited 2 branches of the dungeon, and saw 7 of its levels.

You collected 735 gold pieces.

Inventory:

Missiles
 w - 4 boomerangs (quivered)
Armour
 g - a +0 leather armour
 s - a +2 cloak (melded)
 x - a +0 chain mail
 y - a +0 helmet (melded)
 A - the +9 plate armour "Rugrop" (worn) {Dex+3}
   (You found it on level 5 of the Dungeon)

   Dex+3:     It affects your dexterity (+3).
Jewellery
 u - a ring of fire (left hand)
Talismans
 c - a beast talisman (active)
 d - a flux talisman
Wands
 a - a wand of roots (5)
Scrolls
 f - a scroll of teleportation {unknown}
 i - 2 scrolls of identify {unknown}
 k - a scroll of torment {unknown}
 l - a scroll of acquirement {unknown}
 o - a scroll of blinking {unknown}
 q - a scroll of enchant armour {unknown}
 r - a scroll of noise {unknown}
 t - 2 scrolls of immolation {unknown}
Potions
 b - a potion of lignification
 e - a potion of brilliance {unknown}
 h - a potion of cancellation {unknown}
 j - 3 potions of curing {unknown}
 m - 3 potions of might
 n - a potion of enlightenment {unknown}
 p - 3 potions of ambrosia {unknown}
 v - 2 potions of heal wounds {unknown}
 z - a potion of attraction {unknown}


   Skills:
 + Level 4.0 Fighting
 + Level 3.1 Short Blades
 + Level 3.1 Long Blades
 + Level 3.1 Axes
 + Level 3.1 Maces & Flails
 + Level 3.1 Polearms
 + Level 3.1 Staves
 + Level 3.1 Ranged Weapons
 + Level 3.1 Throwing
 + Level 3.1 Armour
 + Level 5.5 Dodging
 + Level 3.1 Stealth
 + Level 3.1 Shields
 + Level 7.3 Unarmed Combat
 + Level 3.1 Spellcasting
 + Level 2.5 Conjurations
 + Level 2.5 Hexes
 + Level 2.5 Summonings
 + Level 2.5 Necromancy
 + Level 2.5 Translocations
 + Level 2.5 Fire Magic
 + Level 2.5 Ice Magic
 + Level 2.5 Air Magic
 + Level 2.5 Earth Magic
 + Level 2.5 Alchemy
 + Level 3.4 Invocations
 + Level 3.1 Evocations
 + Level 7.1 Shapeshifting


You had 13 spell levels left.
You didn't know any spells.
Your spell library contained the following spells:

 Spells                   Type           Power      Damage    Failure   Level
 Jinxbite                 Hex            12%        N/A       100%        2
 Static Discharge         Conj/Air       12%        3-4/arc   100%        2
 Airstrike                Air            3%         2d(1-17)  100%        4
 Summon Blazeheart Golem  Fire/Summ      9%         N/A       100%        4
 Summon Lightning Spire   Summ/Air       6%         N/A       100%        4
 Borgnjor's Vile Clutch   Necr/Erth      3%         N/A       100%        5
 Yara's Violent Unravell  Hex/Alch       3%         3d4       100%        5
 Death Channel            Necr           3%         N/A       100%        6
 Enfeeble                 Hex            3%         N/A       100%        7
 Orb of Destruction       Conj           3%         9d5       100%        7
 Spellforged Servitor     Conj/Summ      3%         N/A       100%        7
 Animate Dead             Necr           Unusable   N/A       N/A         4

Dungeon Overview and Level Annotations

Branches:
Dungeon (6/15)             Temple (1/1) D:6

Altars:
Ashenzari
Cheibriados
Dithmenos
Elyvilon
Fedhas
Gozag
Hepliaklqana
Makhleb
Nemelex Xobeh
Okawaru
Qazlal
Ru
Trog
Uskayaw
Vehumet
Xom
Zin
The Shining One

Annotations:
D:6 Maggie


Innate Abilities, Weirdness & Mutations

You are a hulking beast.
Your limbs bulge with bestial killing power. (Slay +4)
You have very sharp teeth.
Your uncanny sense of smell can sniff out nearby items.
Your experience applies equally to all skills.


Message History

You blink.
Maggie zaps a wand.
The puff of flame hits you but does no damage.
Maggie points at you and mumbles some strange words.
The bolt of fire misses you.
You break out of your daze.
You barely miss Maggie.
Maggie is heavily wounded.
Maggie hits you but does no damage. Space warps around you.
You barely miss Maggie.
Maggie is heavily wounded.
Unknown command.
You hit Maggie.
Maggie is heavily wounded.
Maggie hits you but does no damage. Space warps horribly around you!
* * * LOW HITPOINT WARNING * * *
You closely miss Maggie.
Maggie is heavily wounded.
Maggie hits you with a +1 scimitar of distortion.
* * * LOW HITPOINT WARNING * * *
You blink.
Maggie casts a spell.
Maggie attempts to bespell you! You resist with some effort.
It was a potion of might.
You feel very mighty all of a sudden.
Maggie zaps a wand.
The puff of flame hits you. You resist.
* * * LOW HITPOINT WARNING * * *
Maggie gestures wildly while chanting.
Maggie attempts to bespell you!
You are mesmerised by Maggie!
Maggie zaps a wand.
The puff of flame hits you but does no damage.
You barely miss Maggie.
Maggie is heavily wounded.
Maggie completely misses you.
You closely miss Maggie.
Maggie is heavily wounded.
Maggie hits you but does no damage. Space warps around you.
You die...
Your body crumbles into a pile of gold.

############ #..........#
#..........####### ####
#................#####...
#....................'...
#......@h.........####...
#.................)..#...
#........................
#....................####
#........................
#######...............##.
#.......#######.##.
#.....>............
######..###.###.##.


You could see Maggie (mesmerising).

Vanquished Creatures
  Prince Ribbit (D:5)
  An ogre (D:5)
  A necrophage (D:4)
  2 scorpions
  A howler monkey (D:5)
  2 orc priests (D:5)
  A jelly (D:4)
  A sleepcap (D:6)
  2 iguanas (D:5)
  Jessica (D:3)
  2 orc wizards
  A hound skeleton (D:4)
  7 adders
  A shadow imp (D:6)
  6 dart slugs
  14 orcs
  4 ball pythons
  6 endoplasms
  3 giant cockroaches
  5 goblins
  9 hobgoblins
  8 jackals
  4 quokkas
  3 bats
  4 kobolds
  6 rats
96 creatures vanquished.

Notes
Turn   | Place    | Note
-------+----------+-------------------------------------------
     0 | D:1      | monsoonserge the Gnoll Shapeshifter began the quest for the
                  | Orb.
     0 | D:1      | Reached XP level 1. HP: 17/17 MP: 1/1
   139 | D:1      | Reached XP level 2. HP: 19/23 MP: 2/2
   507 | D:2      | Reached XP level 3. HP: 28/28 MP: 3/3
   607 | D:2      | Reached skill level 1 in Invocations
   758 | D:2      | Reached skill level 1 in Short Blades
   758 | D:2      | Reached skill level 1 in Long Blades
   758 | D:2      | Reached skill level 1 in Axes
   758 | D:2      | Reached skill level 1 in Maces & Flails
   758 | D:2      | Reached skill level 1 in Polearms
   758 | D:2      | Reached skill level 1 in Staves
   758 | D:2      | Reached skill level 1 in Ranged Weapons
   758 | D:2      | Reached skill level 1 in Throwing
   758 | D:2      | Reached skill level 1 in Armour
   758 | D:2      | Reached skill level 1 in Stealth
   758 | D:2      | Reached skill level 1 in Shields
   758 | D:2      | Reached skill level 1 in Spellcasting
   758 | D:2      | Reached skill level 1 in Evocations
  1016 | D:2      | Reached XP level 4. HP: 24/34 MP: 5/5
  1304 | D:3      | Noticed Jessica
  1317 | D:3      | Killed Jessica
  1318 | D:3      | Reached skill level 1 in Conjurations
  1318 | D:3      | Reached skill level 1 in Hexes
  1318 | D:3      | Reached skill level 1 in Summonings
  1318 | D:3      | Reached skill level 1 in Necromancy
  1318 | D:3      | Reached skill level 1 in Translocations
  1318 | D:3      | Reached skill level 1 in Fire Magic
  1318 | D:3      | Reached skill level 1 in Ice Magic
  1318 | D:3      | Reached skill level 1 in Air Magic
  1318 | D:3      | Reached skill level 1 in Earth Magic
  1318 | D:3      | Reached skill level 1 in Alchemy
  1453 | D:3      | Found a faded altar of an unknown god.
  1459 | D:3      | Prayed at the altar of an unknown god.
  1459 | D:3      | Became a worshipper of Gozag Ym Sagoz the Greedy
  1620 | D:3      | Found a white marble altar of Elyvilon.
  1921 | D:4      | Reached XP level 5. HP: 21/40 MP: 7/7
  2386 | D:4      | Found a burning altar of Makhleb.
  2398 | D:4      | Reached skill level 5 in Dodging
  2398 | D:4      | Reached XP level 6. HP: 37/47 MP: 8/8
  2481 | D:4      | Found a shadowy altar of Dithmenos.
  2564 | D:4      | Found a stormy altar of Qazlal.
  2794 | D:4      | Found a hazy altar of Hepliaklqana.
  3005 | D:5      | Entered Level 5 of the Dungeon
  3314 | D:5      | Reached XP level 7. HP: 51/52 MP: 10/10
  3800 | D:5      | Found a glowing golden altar of the Shining One.
  3935 | D:5      | Identified the +9 plate armour "Rugrop" {Dex+3}
  4371 | D:6      | Noticed Prince Ribbit
  4395 | D:5      | Killed Prince Ribbit
  4396 | D:5      | Reached XP level 8. HP: 25/60 MP: 12/12
  4468 | D:6      | Found a radiant altar of Vehumet.
  4500 | D:6      | Found a staircase to the Ecumenical Temple.
  4519 | Temple   | Entered the Ecumenical Temple
  4534 | D:6      | Found a broken altar of Ashenzari.
  4548 | D:6      | Noticed Maggie
  4575 | D:6      | Slain by Maggie

Illustrated notes

Levels and vault maps discovered:
D:1:      spicycebolla_arrival_xxxplode, layout_rooms, st_stairs_6
D:2:      layout_basic
D:3:      layout_basic, elyvilon_altar_3,
          hellmonk_ecumenical_altar_leap_of_faith, uniq_jessica
D:4:      layout_loops_ring, lemuel_coloured_pillars_altar,
          makhleb_blood_cavern_becter, worldfamousw_hep_ancestral_shrine,
          mainiacjoe_overflow_alcove_1, serial_library_hellmonk_reading_circle
D:5:      layout_basic, tso_altar, nicolae_concentric_dashed_squares_wild,
          solitary_fountain, hex_medium, serial_park_tiny_2, lemuel_flame_loot_1
D:6:      layout_basic, mainiacjoe_overflow_catwalk,
          mainiacjoe_overflow_six_doors_small, temple_statues, serial_shops,
          nicolae_shop_crystal, mainiacjoe_sewer_entry_somewhere_in_here_1,
          uniq_maggie, uniq_prince_ribbit1
Temple:   nicolae_temple_bog_church

Skill      XL: |  1  2  3  4  5  6  7 |
---------------+----------------------+-----
Invocations    | 1 2 3 |  3.4
Short Blades   | 1 2 3 |  3.1
Long Blades    | 1 2 3 |  3.1
Axes           | 1 2 3 |  3.1
Maces & Flails | 1 2 3 |  3.1
Polearms       | 1 2 3 |  3.1
Staves         | 1 2 3 |  3.1
Ranged Weapons | 1 2 3 |  3.1
Throwing       | 1 2 3 |  3.1
Armour         | 1 2 3 |  3.1
Stealth        | 1 2 3 |  3.1
Shields        | 1 2 3 |  3.1
Spellcasting   | 1 2 3 |  3.1
Evocations     | 1 2 3 |  3.1
Conjurations   | 1 2 |  2.5
Hexes          | 1 2 |  2.5
Summonings     | 1 2 |  2.5
Necromancy     | 1 2 |  2.5
Translocations | 1 2 |  2.5
Fire Magic     | 1 2 |  2.5
Ice Magic      | 1 2 |  2.5
Air Magic      | 1 2 |  2.5
Earth Magic    | 1 2 |  2.5
Alchemy        | 1 2 |  2.5
Fighting       | 3 4 |  4.0
Dodging        | 5 |  5.5
Unarmed Combat | 7 |  7.3
Shapeshifting  | 7 |  7.1

Action                     |  1- 3 |  4- 6 |  7- 9 || total
---------------------------+-------+-------+-------++-------
  Melee: Unarmed           |    77 |   172 |    70 ||   319
         Bite              |     5 |    15 |     7 ||    27
         Punch             |       |       |     1 ||     1
  Throw: Boomerang         |       |       |     7 ||     7
    Use: Potion            |       |       |     1 ||     1
 Armour: Leather armour    |    24 |       |       ||    24
         Animal skin       |     4 |       |       ||     4
         Skin              |    14 |    52 |    14 ||    80
         Plate armour      |       |       |    47 ||    47
  Dodge: Dodged            |    52 |   113 |    17 ||   182
   Form: Flux              |     1 |     2 |     1 ||     4
         Beast             |       |     2 |     2 ||     4
